Map: Oxide LE

Players

Massa - Winner!

  • Race: Terran Terran
  • League: Platinum
  • Spawn Location: 1:00

Lonetuft

  • Race: Zerg Zerg
  • League: Platinum
  • Spawn Location: 7:00

VOD

Have the link to the VOD?

Description

Time

  • Played on: Dec. 29, 2020, 1:09 p.m.
  • Length: 14:12
Show
View Real Time Build Order
Export as new Build Order

Massa Terran - Winner!

Build Orders: 2 Factory, Reaper Expand 

Get SALT Encoding   

  12  0:00  SCV  
  13  0:12  SCV  
  14  0:18  Supply Depot  
  14  0:24  SCV  
  15  0:39  SCV  
  15  0:41  Barracks  
  16  0:46  Refinery  
  16  0:51  SCV  
  17  1:04  SCV  
  18  1:16  SCV  
  19  1:28  Orbital Command  
  19  1:39  Command Center  
  19  1:45  Reaper  
  20  2:02  SCV  
  21  2:21  Command Center  
  21  2:26  SCV  
  21  2:27  Marine  
  23  2:39  Supply Depot  
  23  2:43  Factory  
  23  2:51  SCV  
  24  3:03  SCV  
  25  3:19  Barracks Tech Lab, Factory, Orbital Command  
  24  3:21  SCV  
  24  3:27  Engineering Bay  
  25  3:33  SCV x2  
  27  3:45  Barracks Reactor, SCV x2  
  27  3:46  Hellion  
  27  3:47  SCV  
  32  3:50  Infernal Pre-Igniter  
  32  3:54  Refinery  
  32  3:55  Supply Depot  
  32  3:57  SCV  
  32  3:58  Missile Turret  
  32  3:59  SCV  
  32  4:00  SCV  
  35  4:06  Missile Turret  
  35  4:08  Hellion  
  37  4:28  Hellion x2  
  37  4:29  Hellion  
  43  4:33  SCV  
  43  4:34  SCV x2, Barracks Tech Lab  
  46  4:42  Starport  
  46  4:44  Refinery  
  46  4:45  SCV  
  46  4:46  SCV  
  46  4:49  Hellion x2  
  46  4:50  Barracks  
  46  4:51  Hellion  
  46  4:52  Barracks  
  54  4:59  Stimpack  
  54  5:00  Marine  
  54  5:06  Missile Turret  
  55  5:16  Widow Mine x2  
  59  5:25  Siege Tank  
  62  5:37  Marine  
  64  5:42  SCV  
  64  5:43  SCV x2  
  66  5:50  Barracks Reactor, Barracks Tech Lab  
  66  5:52  Medivac  
  66  5:55  SCV  
  69  6:02  Supply Depot x3  
  69  6:05  Barracks  
  69  6:19  Marine  
  69  6:20  SCV  
  69  6:23  SCV  
  70  6:26  Supply Depot  
  70  6:27  Supply Depot  
  70  6:29  Supply Depot  
  68  6:38  Marauder  
  63  6:59  Marauder  
  65  7:04  Barracks Reactor  
  65  7:06  Marauder, Marine x2  
  65  7:08  Combat Shield  
  69  7:13  Planetary Fortress  
  69  7:14  Refinery  
  69  7:15  SCV x2  
  71  7:18  Medivac  
  71  7:20  Marine  
  74  7:24  Marine  
  74  7:27  SCV x2, Marauder  
  79  7:33  Terran Infantry Weapons Level 1  
  79  7:36  Armory  
  79  7:38  Marauder, Missile Turret  
  79  7:39  SCV x2  
  79  7:40  Barracks  
  83  7:47  Engineering Bay  
  83  7:49  Marauder  
  83  8:08  SCV x3  
  86  8:13  Siege Tank  
  86  8:14  Widow Mine  
  86  8:15  Widow Mine  
  86  8:19  Starport Reactor  
  93  8:20  SCV x2  
  93  8:21  SCV  
  93  8:26  Concussive Shells  
  96  8:29  Refinery  
  96  8:30  Refinery  
  96  8:32  SCV  
  96  8:33  Barracks Reactor, SCV x2  
  99  8:35  Command Center  
  99  8:36  Widow Mine x2  
  103  8:44  SCV  
  103  8:45  SCV x2, Siege Tank  
  103  8:46  Marauder  
  103  8:47  Marauder, Marine  
  103  8:48  Marine x3  
  117  9:26  Terran Infantry Armor Level 1  
  117  9:27  Terran Vehicle Weapons Level 1  
  117  9:47  Marauder x2, Marine x4  
  125  10:04  Marine  
  126  10:08  Marauder  
  126  10:09  Marauder  
  126  10:11  SCV x2  
  132  10:23  Terran Infantry Weapons Level 2  
  132  10:24  Supply Depot  
  132  10:25  Supply Depot x2  
  132  10:27  Supply Depot  
  132  10:43  Barracks  
  132  10:44  Barracks x2  
  132  10:45  Marine x2  
  132  10:46  Widow Mine, SCV x3, Marauder x2, Marine x2, Siege Tank  
  132  10:47  Widow Mine  
  132  10:49  Sensor Tower, Supply Depot  
  150  10:52  Supply Depot  
  150  10:54  Supply Depot  
  150  10:55  Supply Depot  
  150  10:58  SCV x3  
  150  10:59  Sensor Tower  
  150  11:03  Marine  
  150  11:04  Marine x2  
  154  11:07  Marauder  
  154  11:08  Widow Mine, Marauder  
  154  11:09  Widow Mine  
  154  11:10  SCV  
  156  11:18  Siege Tank  
  146  11:21  Supply Depot  
  144  11:29  Marauder x2  
  148  11:34  Barracks Reactor, Barracks Tech Lab x2  
  148  11:44  Command Center  
  148  11:47  Command Center  
  148  11:50  Marauder, Siege Tank  
  148  11:51  Marauder  
  148  11:53  Medivac x2  
  159  12:22  Medivac  
  159  12:23  Medivac  
  127  12:37  Marauder  
  127  12:38  Marauder x3, Marine x5  
  127  12:39  Marine x2, Siege Tank  
  127  12:40  Widow Mine x2  
  147  12:52  Medivac  
  147  12:53  Medivac  
  147  12:55  Marine  
  147  12:56  Marine x7  
  159  12:59  Marauder x4  
  159  13:01  Widow Mine  
  159  13:02  Widow Mine  
  167  13:11  Siege Tank  
  167  13:12  Marine  
  168  13:13  Marine  
  170  13:20  Marauder  
  170  13:21  Marauder x3  
  170  13:22  Medivac  
  163  13:42  Marauder x2  
Show
View Real Time Build Order
Export as new Build Order

Lonetuft Zerg 

Build Orders: Hatch First 

Get SALT Encoding   

  12  0:01  Drone  
  13  0:12  Overlord  
  13  0:16  Drone  
  14  0:31  Drone x2  
  16  0:45  Drone  
  17  0:54  Hatchery  
  17  0:56  Drone  
  17  1:00  Extractor  
  17  1:02  Drone  
  17  1:16  Spawning Pool  
  16  1:19  Drone  
  16  1:24  Drone  
  18  1:29  Drone  
  19  1:40  Overlord  
  19  2:03  Zergling x4  
  19  2:04  Queen  
  19  2:05  Metabolic Boost  
  23  2:10  Queen  
  23  2:15  Drone  
  26  2:17  Drone  
  27  2:27  Drone  
  27  2:28  Drone  
  27  2:29  Drone  
  30  2:34  Overlord  
  29  3:01  Hatchery  
  28  3:12  Drone x2  
  29  3:13  Drone x4  
  29  3:18  Queen  
  35  3:24  Pneumatized Carapace  
  35  3:33  Baneling Nest  
  34  3:36  Overlord  
  34  3:47  Drone  
  34  3:48  Drone x4  
  39  3:58  Drone  
  39  3:59  Drone x2  
  39  4:01  Overlord  
  42  4:06  Queen  
  44  4:11  Lair  
  44  4:16  Queen  
  46  4:19  Overlord  
  46  4:24  Zergling x4  
  47  4:25  Zergling x2  
  47  4:27  Zergling x2  
  47  4:29  Zergling x2  
  47  4:31  Zergling x2  
  52  4:32  Zergling x2  
  52  4:34  Zergling x2  
  52  4:36  Baneling x2  
  52  4:37  Baneling x2  
  54  4:50  Extractor  
  53  4:53  Drone x9  
  53  4:57  Extractor  
  53  4:58  Extractor  
  60  5:44  Drone x5  
  60  5:45  Drone x8  
  70  6:00  Centrifical Hooks  
  71  6:04  Drone x3  
  73  6:15  Evolution Chamber  
  73  6:17  Evolution Chamber  
  70  6:30  Zergling x2  
  70  6:31  Zergling x6  
  72  6:53  Zergling x2  
  72  6:54  Zergling x8  
  73  7:05  Zergling x2  
  74  7:19  Zerg Melee Weapons Level 1  
  74  7:20  Zerg Ground Armor Level 1  
  74  7:26  Hatchery  
  74  7:27  Infestation Pit  
  72  7:30  Drone x2  
  72  7:34  Overlord x14  
  70  8:26  Drone x3  
  74  8:27  Drone x3  
  74  8:29  Extractor  
  74  8:32  Extractor  
  74  8:33  Hive  
  74  8:45  Zergling x2, Spire  
  74  8:46  Zergling x32  
  90  8:54  Queen  
  92  9:11  Drone  
  92  9:12  Drone x2  
  95  9:19  Zerg Melee Weapons Level 2  
  95  9:20  Zerg Ground Armor Level 2  
  95  9:23  Infestor  
  95  9:24  Infestor x4  
  97  9:27  Zergling x2  
  97  9:28  Zergling x28  
  97  9:29  Queen  
  97  9:31  Baneling x7  
  122  9:33  Baneling  
  121  10:03  Corruptor  
  121  10:04  Corruptor x4  
  131  10:12  Drone x9  
  140  10:24  Ultralisk Cavern  
  140  10:27  Infestor  
  141  10:34  Infestor  
  143  10:46  Burrow  
  143  10:52  Extractor x2  
  118  11:30  Neural Parasite  
  118  11:32  Anabolic Synthesis  
  118  11:36  Corruptor x4  
  126  11:42  Greater Spire  
  126  11:45  Drone x3  
  129  12:13  Infestor  
  129  12:14  Chitinous Plating  
  105  12:38  Infestor x6  
  105  12:39  Zergling x2  
  105  12:40  Ultralisk  
  105  12:41  Zergling x2, Ultralisk x3  
  105  12:42  Zergling x18  
  105  13:21  Infestor  
Tags
 
Add a new tag
Caveats
  • Supply blocks, unpowered buildings, or Contaminate may cause inaccurate times.
  • Supply counts are checked every 10 seconds.